Get step-by-step instructions on how to execute this build order below. Start the game timer, and the build order will tick by so you can play in parallel with StarCraft on a second screen or mobile device.

Game Time

  0:00

Last Step

  N/A

Next Step

Upcoming Step



Don't want to look back and forth between 2 screens? Try out our Overwolf App, the Spawning Tool Build Advisor to get an in-game overlay with this build!

Complete Build Order

  8  0:00  SCV  
  9  0:13  SCV  
  10  0:26  SCV  
  11  0:29  Supply Depot  
  11  0:38  SCV  
  12  0:50  SCV  
  13  1:02  Barracks, SCV  
  14  1:08  Refinery  
  14  1:16  SCV  
  15  1:28  SCV  
  16  1:41  SCV  
  17  1:53  Orbital Command  
  17  1:56  Reaper  
  18  2:16  Command Center  
  18  2:18  SCV  
  19  2:30  SCV  
  20  2:40  Marine  
  20  2:41  Supply Depot  
  21  3:03  SCV  
  22  3:06  Barracks Reactor  
  22  3:15  SCV  
  23  3:23  Factory  
  23  3:27  SCV  
  24  3:39  Refinery, SCV  
  24  3:41  Orbital Command  
  25  3:46  Supply Depot  
  25  3:48  Marine  
  25  3:49  Marine  
  25  3:55  SCV  
  28  4:07  SCV  
  29  4:12  Starport  
  29  4:19  SCV  
  29  4:21  Factory Tech Lab  
  29  4:23  Marine  
  31  4:24  Marine  
  31  4:27  Supply Depot  
  31  4:31  SCV  
  33  4:36  Barracks  
  33  4:37  Barracks  
  33  4:40  SCV  
  33  4:42  Command Center  
  33  4:44  SCV  
  35  4:52  Starport Reactor  
  35  4:53  SCV  
  35  4:55  Marine  
  35  4:56  Marine  
  38  5:04  SCV  
  38  5:05  SCV, Engineering Bay  
  38  5:07  Engineering Bay  
  40  5:14  Siege Tank  
  40  5:17  SCV  
  40  5:18  SCV  
  45  5:25  Barracks Tech Lab x2  
  45  5:29  SCV  
  45  5:30  Supply Depot  
  45  5:32  SCV  
  45  5:33  Supply Depot  
  45  5:35  Marine x2  
  48  5:40  Medivac  
  51  5:46  Terran Infantry Weapons Level 1, Terran Infantry Armor Level 1  
  51  5:48  SCV  
  51  5:49  SCV  
  53  5:57  Supply Depot  
  53  6:00  SCV  
  53  6:01  SCV  
  53  6:02  Siege Tank  
  58  6:04  Marine x3  
  58  6:05  Marine  
  62  6:13  SCV x2  
  62  6:16  Refinery  
  62  6:17  Refinery  
  64  6:25  SCV x2  
  66  6:28  Marine x2  
  66  6:29  Marauder  
  66  6:30  Marauder  
  72  6:32  Stimpack  
  72  6:35  Orbital Command  
  72  6:37  SCV x2  
  74  6:49  SCV x2  
  74  6:51  Marauder  
  78  7:01  SCV x2  
  79  7:05  Barracks, SCV  
  79  7:06  Armory  
  79  7:07  Barracks  
  81  7:13  SCV x2  
  83  7:16  Siege Tank  
  83  7:17  Medivac, SCV  
  83  7:19  Marine x2  
  83  7:21  Combat Shield  
  91  7:25  SCV x2, Marine  
  91  7:26  Marine  
  95  7:39  Supply Depot  
  95  7:44  Medivac, SCV x3, Supply Depot  
  100  7:48  Siege Tank  
  103  7:56  Barracks Reactor x2  
  103  8:00  Marine x2  
  103  8:01  SCV x3  
  108  8:13  SCV x3, Marine x2  
  108  8:18  Marine x2  
  115  8:20  Siege Tank  
  115  8:25  SCV  
  115  8:26  Refinery  
  119  8:28  Refinery  
  119  8:33  Supply Depot  
  119  8:34  Supply Depot  
  119  8:35  Terran Infantry Weapons Level 2  
  119  8:36  Supply Depot  
  119  8:54  Siege Tank, SCV  
  119  8:55  Marauder x2, Supply Depot, Marine x4  
  127  8:56  SCV  
  132  9:07  Supply Depot  
  132  9:13  Marine x2  
  132  9:16  Marine x2  
  136  9:20  Marine, Command Center  
  136  9:21  Marine x3  
  136  9:22  Medivac  
  141  9:26  Siege Tank  
  143  9:31  Marine  
  143  9:33  Marine x2  
  132  9:46  Marine x4  
  132  9:47  Marine  
  132  9:48  Medivac  
  132  9:49  Marine  
  132  9:51  Marine x2  
  140  9:52  Medivac  
  140  9:57  SCV x3  
  140  9:59  Siege Tank  
  148  10:04  Marine x5  
  153  10:07  Marine  
  153  10:09  SCV, Terran Infantry Armor Level 2  
  153  10:10  Marauder x2  
  159  10:14  Terran Vehicle Weapons Level 1  
  159  10:21  Supply Depot  
  159  10:22  Supply Depot  
  159  10:23  Supply Depot  
  159  10:32  Marine x6, Medivac, SCV, Marauder x2  
  172  10:43  Siege Tank  
  172  10:45  Supply Depot x2  
  172  10:48  Supply Depot  
  175  10:50  Marine x6  
  175  10:53  Marine x2  
  179  11:07  Marine x4  
  179  11:08  Marine x2  
  179  11:10  Medivac x2  
  189  11:12  Marauder x2  
  189  11:15  Siege Tank  
  194  11:25  Marine x5  
  194  11:26  Marine  
  200  11:48  Command Center  
  200  11:57  Barracks  
  200  11:58  Barracks  
  200  11:59  Barracks  
  182  12:18  Marine x7  
  182  12:20  Siege Tank, Medivac x2  
  180  12:36  Marine x7  
  187  12:40  Marine  
  187  12:41  SCV x3  
  188  12:46  Planetary Fortress  
  188  12:50  Medivac x2  
  191  12:52  Siege Tank  
  191  12:53  SCV x3  
  191  12:54  Marine x2  
  191  12:58  Marine  
  200  13:11  Command Center  
  200  13:12  Command Center  
  195  13:20  Medivac x2  
  195  13:24  Siege Tank  
  185  13:50  Medivac x2  
  179  14:05  Marine x6  
  179  14:06  Marine x2, Siege Tank  
  190  14:20  Medivac x2  
  190  14:23  Marine x5  
  199  14:25  Planetary Fortress  
  199  14:31  Planetary Fortress  
  198  14:33  Terran Infantry Weapons Level 3  
  198  14:34  Terran Infantry Armor Level 3, Terran Vehicle Weapons Level 2  
  198  14:50  Medivac  
  200  15:31  Planetary Fortress  
  200  15:52  Barracks Tech Lab  
  200  15:53  Barracks Reactor  
  200  15:59  Barracks Reactor